 Dungeon Crawl Stone Soup version 0.31.0-11-ge490571c62 (webtiles) character file.

Game seed: 5319879826739836969

102 qw the Shooter (level 4, -8/25 HPs)
             Began as a Deep Elf Hunter on Feb 5, 2024.
             Killed by divine providence
             ... invoked by an orc priest
              (11 damage)
             ... on level 3 of the Dungeon.
             The game lasted 00:01:16 (1495 turns).

qw the Shooter (Deep Elf Hunter)                    Turns: 1495, Time: 00:01:17

Health: -8/25      AC: 10    Str: 15 (16) XL:     4   Next: 49%
Magic:  6/6        EV: 10    Int: 11 (14) God:
Gold:   175        SH:  0    Dex: 17 (18) Spells: 3/3 levels left

rFire   . . .        a - +0 shortbow (heavy)
rCold   . . .        (shield currently unavailable)
rNeg    . . .        d - +0 scale mail
rPois   .            (no helmet)
rElec   .            (no cloak)
rCorr   .            (no gloves)
SInv    .            (no boots)
Will    .....        (no amulet)
Stlth   +            f - +6 ring of strength
HPRegen 0.24/turn    k - +4 ring of protection
MPRegen 0.10/turn

%: no passive effects
@: no status effects
A: no striking features
a: no special abilities


You were on level 3 of the Dungeon.
You visited 1 branch of the dungeon, and saw 3 of its levels.

You collected 175 gold pieces.


   Skills:
 - Level 1.5 Fighting
 + Level 7.9 Ranged Weapons
 - Level 2.4 Dodging
 - Level 1.2 Stealth


You had 3 spell levels left.
You didn't know any spells.
Your spell library was empty.

Inventory:

Hand Weapons
 a - a +0 heavy shortbow (weapon)
Armour
 c - a +0 ring mail
 d - a +0 scale mail (worn)
Jewellery
 f - a +6 ring of strength (left hand)
 j - a +6 ring of intelligence
 k - a +4 ring of protection (right hand)
Potions
 b - a potion of lignification {unknown}
 e - a potion of ambrosia {unknown}
 g - a potion of magic {unknown}
 h - a potion of heal wounds {unknown}
 i - a potion of attraction {unknown}

Dungeon Overview and Level Annotations

Branches:
Dungeon (3/15)

Altars:


Message History

The adder bites you. The adder closely misses you.
You shoot an arrow. The arrow barely misses the adder.
The arrow closely misses the orc.
The adder bites you. The adder bites you but does no damage.
An orc wizard comes into view. It is wielding a +0 dagger.
You shoot an arrow. The arrow barely misses the adder.
The arrow closely misses the orc.
The orc wizard shouts!
The arrow hits the orc!
You kill the orc!
The adder barely misses you. x2; The adder closely misses you.
You shoot an arrow. The arrow hits the adder.
The adder is almost dead.
The adder bites you but does no damage. x2
You shoot an arrow. The arrow hits the adder!
You kill the adder!
An orc comes into view. It is wielding a +0 club.
The orc priest mumbles some strange prayers to Beogh against you.
Beogh smites you!
You shoot an arrow. The orc shouts!
The arrow hits the orc!
You kill the orc!
You feel your strength returning.
You shoot an arrow. The arrow closely misses the orc.
The arrow barely misses the orc wizard.
The orc hits you with a +0 morningstar!
An orc comes into view. It is wielding a +0 dagger of draining.
You shoot an arrow. The arrow hits the orc wizard!
The orc wizard is almost dead.
The orc wizard casts a spell at you.
The magic dart hits you but does no damage.
The orc wizard casts a spell at you. The magic dart hits you.
You shoot an arrow.
The arrow closely misses the orc wizard.
The arrow closely misses the orc.
The orc priest invokes the aid of Beogh against you.
Beogh smites you!
You die...

.....####.#######.#
.....# #... #.#
.....# ##### ##.#
.....# #..# .....#
#.## .....# #.#
.....# #.# #.....
#.# #..#### #@#
#... #o#


ooo .o)## .#### o. .# .. You could see an orc priest, an orc wizard and 4 orcs.

Vanquished Creatures
  5 adders
  A ribbon worm (D:2)
  A dart slug (D:1)
  2 orcs (D:3)
  A ball python (D:2)
  4 bats
  2 endoplasms
  A giant cockroach (D:1)
  5 goblins
  6 hobgoblins
  8 jackals
  2 frilled lizards (D:2)
  5 kobolds
  5 rats
48 creatures vanquished.

Notes
Turn   | Place    | Note
-------+----------+-------------------------------------------
     0 | D:1      | qw the Deep Elf Hunter began the quest for the Orb.
     0 | D:1      | Reached XP level 1. HP: 12/12 MP: 3/3
     0 | D:1      | 0 ||| qw: Version: 0.3-a-160-g6735b56
     0 | D:1      | 0 ||| qw: Game counter: 6397
     0 | D:1      | 0 ||| qw: Melee chars always use a shield: true
     0 | D:1      | 0 ||| qw: God list: Okawaru
     0 | D:1      | 0 ||| qw: Allow faded altars: false
     0 | D:1      | 0 ||| qw: Do Orc after clearing Dungeon:15 true
     0 | D:1      | 0 ||| qw: Do second Lair branch before Depths: true
     0 | D:1      | 0 ||| qw: Lair rune preference: random
     0 | D:1      | 0 ||| qw: Goals: Normal
     0 | D:1      | 0 ||| PLANNING D:1-11
    91 | D:1      | Reached skill level 6 in Ranged Weapons
    91 | D:1      | Reached XP level 2. HP: 16/16 MP: 4/4
   215 | D:1      | Found a faded altar of an unknown god.
   317 | D:1      | Reached XP level 3. HP: 20/20 MP: 5/5
   471 | D:1      | 471 ||| UPGRADING to +0 scale mail.
   481 | D:1      | 481 ||| DROPPING +0 leather armour.
   482 | D:1      | 482 ||| UPGRADING to +6 ring of strength.
   483 | D:1      | 483 ||| READING scroll labelled ESEM HUOMUNUM.
   483 | D:1      | 483 ||| BRANDING +0 shortbow.
   484 | D:1      | 484 ||| READING scroll labelled WEORAKHL OGOPH.
   585 | D:1      | 585 ||| READING scroll labelled ZIQAECZE LORGH.
   589 | D:1      | 589 ||| DROPPING scroll of butterflies.
   663 | D:2      | Reached skill level 7 in Ranged Weapons
   826 | D:2      | Identified the +9 dagger of the Forging Scorpion {vamp,
                  | rPois Stlth+}
  1001 | D:2      | Reached XP level 4. HP: 24/25 MP: 6/6
  1010 | D:2      | HP: 5/25 [ribbon worm (4)]
  1272 | D:2      | 1272 ||| UPGRADING to +4 ring of protection.
  1273 | D:2      | 1273 ||| READING 3 scrolls labelled PUJEMI YTIAWO.
  1274 | D:2      | 1274 ||| READING scroll labelled WAMPOCILIBO.
  1275 | D:2      | 1275 ||| READING scroll labelled CODDEF GIAD.
  1276 | D:2      | 1276 ||| DRINKING 2 viscous black potions.
  1277 | D:2      | 1277 ||| DROPPING 2 scrolls of poison.
  1278 | D:2      | 1278 ||| DROPPING potion of degeneration.
  1280 | D:2      | 1280 ||| Stepping ~*~*~tactically~*~*~ (cloud).
  1284 | D:2      | HP: 6/25 [poisoned by you (poison gas)]
  1289 | D:2      | HP: 2/25 [poisoned by you (poison gas)]
  1493 | D:3      | HP: 3/25 [orc/+0 morningstar (7)]
  1495 | D:3      | Killed from afar by an orc priest

Levels and vault maps discovered:
D:1:      tarquinn_simple_flora_water_b, layout_rooms,
          hellmonk_ecumenical_altar_crossroads, amethyst_killhole
D:2:      layout_loops_ring, minmay_split_cup_large
D:3:      layout_loops_ring, regret_index_temple_of_mockery,
          lemuel_zombie_altar_yredelemnul, serial_shops, shop

Skill      XL: |  1  2  3 |
---------------+----------+-----
Ranged Weapons | 6 7 |  7.9
Fighting       | |  1.5
Dodging        | |  2.4
Stealth        | |  1.2

Action                     |  1- 3 |  4- 6 || total
---------------------------+-------+-------++-------
   Fire: Shortbow          |    81 |    22 ||   103
    Use: Scroll            |     3 |     3 ||     6
         Potion            |       |     1 ||     1
 Armour: Leather armour    |     5 |       ||     5
         Scale mail        |    20 |    18 ||    38
  Dodge: Dodged            |    19 |     9 ||    28

Table legend:
 A = Non-vault XP
 B = Vault XP
 C = Vault XP percentage of total XP
 D = Non-vault monster count
 E = Vault monster count
 F = Vault count percentage of total count
                 A         B        C        D         E       F
            +---------+---------+-------+---------+---------+-------
      Total |     113 |      33 |  22.6 |      44 |       4 |   8.3
            +---------+---------+-------+---------+---------+-------
        D:1 |      43 |       0 |   0.0 |      25 |       0 |   0.0
        D:2 |      47 |      33 |  41.2 |      14 |       4 |  22.2
        D:3 |      23 |       0 |   0.0 |       5 |       0 |   0.0
            +---------+---------+-------+---------+---------+-------
